 Dungeon Crawl Stone Soup version 0.14-a0-2848-g1d0399b (webtiles) character file.

308 Neoxx the Sneak (level 5, -2/28 HPs)
             Began as a Kobold Air Elementalist on Feb 27, 2014.
             Was a Follower of Ashenzari.
             Slain by an ogre
             ... wielding a +0,+0 giant club
              (6 damage)
             ... on Level 4 of the Dungeon.
             The game lasted 00:13:19 (3011 turns).

Neoxx the Sneak (Kobold Air Elementalist)           Turns: 3011, Time: 00:13:19

HP  -2/28        AC  8     Str  8      XL: 5   Next: 28%
MP   7/9         EV 15     Int 13      God: Ashenzari [*.....]
Gold 185         SH  0     Dex 16      Spells:  3 memorised,  3 levels left

rFire  . . .     SeeInvis .     a - +0 dagger (protect) (curse)
rCold  . . .     Clarity  .     e - +0 robe
rNeg   + . .     Conserve .     (no shield)
rPois  +         rCorr    .     (no helmet)
rElec  .         rRot     .     s - +0 cloak
SustAb . .       Spirit   .     (no gloves)
rMut   .         Warding  +     (no boots)
Saprov + + .     Stasis   .     m - amulet of warding {unknown}
MR     .....                    (no ring)
                                k - ring of poison resistance {unknown}

@: very quick, not resistant to hostile enchantments, very stealthy
A: disease resistance, carnivore 3, saprovore 2
a: Renounce Religion


You were on level 4 of the Dungeon.
You worshipped Ashenzari.
Ashenzari was aware of your devotion.
You were completely stuffed.

You visited 1 branch of the dungeon, and saw 4 of its levels.

You collected 185 gold pieces.

Inventory:

Hand weapons
 a - a cursed +0,+0 dagger of protection (weapon)
 g - a +0,+0 dagger
Missiles
 i - 7 poisoned needles
 r - a dart of dispersal (quivered)
Armour
 e - a +0 robe (worn)
 s - a +0 cloak (worn)
Comestibles
 c - 3 meat rations
 l - a slice of pizza
 q - 3 chunks of hobgoblin flesh
 u - a rotting chunk of gnoll flesh
 v - a rotting chunk of hobgoblin flesh
Scrolls
 d - 2 scrolls of remove curse
 f - a scroll of blinking {unknown}
 j - 8 scrolls of identify {unknown}
 n - 2 scrolls of teleportation {unknown}
 p - a scroll of curse weapon
Jewellery
 k - a ring of poison resistance (left hand) {unknown}
 m - an amulet of warding (around neck) {unknown}
 t - an uncursed amulet of faith
Potions
 o - a potion of confusion {unknown}
Books
 b - a book of Air

   Spells                             Type                      Level
   *Shock                             Conjuration/Air              1
   *Swiftness                         Charms/Air                   2
   *Repel Missiles                    Charms/Air                   2
   Flight                             Charms/Air                   3
   Static Discharge                   Conjuration/Air              3
   Lightning Bolt                     Conjuration/Air              5


   Skills:
 - Level 2.1 Short Blades
 - Level 2.4 Dodging
 + Level 6.2 Stealth
 - Level 2.0 Spellcasting
 - Level 1.4 Conjurations
 + Level 0.2 Charms
 - Level 3.0 Air Magic


You had 3 spell levels left.
You knew the following spells:

 Your Spells              Type           Power        Failure   Level  Hunger
a - Shock                 Conj/Air       #...         12%         1    ##.....
b - Swiftness             Chrm/Air       #.......     21%         2    ###....
c - Repel Missiles        Chrm/Air       #.....       21%         2    ###....


Dungeon Overview and Level Annotations

Branches:
Dungeon (4/16)
 Temple: D:4-7

Altars:
Ashenzari
Sif Muna


Innate Abilities, Weirdness & Mutations

You recuperate from illness quickly.
You are small and have problems with some larger weapons.
You are carnivorous and can eat meat at any time.
You can eat rotten meat.


Message History

The ogre is severely wounded.
The zap misses you. The ogre hits you with a giant club!
Ouch! That really hurt!
* * * LOW HITPOINT WARNING * * *
You hear the rapid hiss of an avalanche of sand, a long way away.
There is an escape hatch in the ceiling here.
The ogre closely misses you.
Casting: Shock
Confirm with . or Enter, or press ? or * to list all spells.
Aiming: Shock
Press: ? - help, Shift-Dir - straight line, f/p - ogre
Aim: an ogre, wielding a giant club (severely wounded)
The zap misses the ogre.
The zap hits the ogre.
The ogre is severely wounded.
The ogre hits you with a giant club.
* * * LOW HITPOINT WARNING * * *
Casting: Shock
Confirm with . or Enter, or press ? or * to list all spells.
You feel quick. The ogre hits you with a giant club.
You die...

######### #....O@.#
#.#####'## #.# ##8.8##
######.###8...8##
#......##8.....8## ##
#.######8.......8## ..
#.# ##8.........8###=#
#.###.+...........'...#
#.##..#8.........8##..#


You could see an ogre.

Vanquished Creatures
  3 adders
  3 gnolls (D:3)
  A giant gecko (D:3)
  2 oozes
  4 orcs (D:3)
  7 bats
  2 giant cockroaches
  13 hobgoblins
  7 kobolds
  4 giant newts
  5 goblins
  12 rats
63 creatures vanquished.

Notes
Turn   | Place    | Note
--------------------------------------------------------------
     0 | D:1      | Neoxx, the Kobold Air Elementalist, began the quest for the Orb.
     0 | D:1      | Reached XP level 1. HP: 10/10 MP: 3/3
    27 | D:1      | Reached skill level 1 in Conjurations
   300 | D:1      | Reached XP level 2. HP: 7/15 MP: 0/4
   311 | D:1      | Learned a level 2 spell: Swiftness
  1134 | D:1      | Reached XP level 3. HP: 19/19 MP: 6/6
  1157 | D:1      | Reached skill level 4 in Stealth
  1196 | D:1      | Reached skill level 1 in Short Blades
  1490 | D:2      | Found a deep blue altar of Sif Muna.
  1885 | D:2      | Found a shattered altar of Ashenzari.
  1921 | D:2      | Became a worshipper of Ashenzari the Shackled
  2037 | D:2      | Reached XP level 4. HP: 13/24 MP: 0/7
  2041 | D:2      | Learned a level 2 spell: Repel Missiles
  2274 | D:3      | Reached skill level 5 in Stealth
  2552 | D:3      | Reached skill level 6 in Stealth
  2552 | D:3      | Reached XP level 5. HP: 28/28 MP: 0/9
  2944 | D:4      | Noticed an ogre
  3011 | D:4      | Slain by an ogre

Action                   |  1- 3 |  4- 6 || total
-------------------------+-------+-------++-------
Melee: Unarmed           |    17 |       ||    17
       Dagger            |   118 |    50 ||   168
 Cast: Shock             |    51 |    35 ||    86
       Swiftness         |       |     1 ||     1
  Use: Scroll            |       |     1 ||     1
 Stab: Sleeping          |     4 |     3 ||     7
       Distracted        |     1 |       ||     1
